 Dungeon Crawl Stone Soup version 0.24.0-13-gcf9b319 (webtiles) character file.

Game seed: 17281609147436869654, levelgen mode: deterministic

3142 Bronimir the Chopper (level 9, -3/74 HPs)
             Began as a Centaur Gladiator on Apr 21, 2020.
             Was a Priest of Okawaru.
             Slain by a yak (11 damage)
             ... on level 1 of the Lair of Beasts.
             The game lasted 00:23:12 (8094 turns).

Bronimir the Chopper (Centaur Gladiator)            Turns: 8094, Time: 00:23:13

Health: -3/74      AC:  9    Str: 20    XL:     9   Next: 61%
Magic:  9/10       EV:  8    Int:  7    God:    Okawaru [***...]
Gold:   303        SH: 11    Dex: 11    Spells: 5/10 levels left

rFire    . . .     SeeInvis .   a - +2 war axe
rCold    . . .     Gourm    .   J - +2 shield
rNeg     . . .     Faith    .   q - +0 ring mail
rPois    .         Spirit   .   c - +2 helmet
rElec    .         Reflect  .   (no cloak)
rCorr    .         Harm     .   (no gloves)
MR       .....                  (no barding)
Stlth    ..........             l - amulet of regeneration
HPRegen  0.62/turn              (no ring)
MPRegen  0.12/turn              d - ring of wizardry

@: very quick
A: large, hooves 3, deformed body, speed 2, tough skin 3
a: Heroism, Renounce Religion


You were on level 1 of the Lair of Beasts.
You worshipped Okawaru.
Okawaru was most pleased with you.
You were not hungry.

You visited 2 branches of the dungeon, and saw 9 of its levels.

You collected 303 gold pieces.

Inventory:

Hand Weapons
 a - a +2 war axe (weapon)
 b - a +0 shortbow
 j - a +0 arbalest
 D - the +8 long sword of the Blessed Realm {antimagic, rN+, unknown}
   (You found it on level 5 of the Dungeon)

   It reduces the magical energy of the wielder, and disrupts the spells and
   magical abilities of those hit.
   Natural abilities and divine invocations are not affected.
   It protects you from negative energy.
 I - a +0 hunting sling
Missiles
 e - 286 stones
 h - 66 arrows
 u - 16 bolts
 w - 36 poisoned darts (quivered)
 y - 110 sling bullets
Armour
 c - a +2 helmet (worn)
 i - a +0 buckler
 q - a +0 ring mail (worn)
 z - a +0 leather armour
 J - a +2 shield (worn)
Magical Staves
 H - an uncursed staff of conjuration {unknown}
Jewellery
 d - a ring of wizardry (right hand)
 l - an amulet of regeneration (around neck)
 G - an uncursed amulet of the gourmand {unknown}
Scrolls
 g - 3 scrolls of teleportation
 n - 2 scrolls of amnesia
 p - 3 scrolls of blinking
 A - a scroll of identify
 C - a scroll of magic mapping
Potions
 m - 3 potions of haste
 o - 2 potions of curing
 r - a potion of flight {unknown}
 s - a potion of berserk rage {unknown}
 t - a potion of might {unknown}
 v - a potion of ambrosia {unknown}
 B - a potion of lignification {unknown}
 F - a potion of brilliance {unknown}
Comestibles
 f - 10 rations
 K - 3 chunks of flesh


   Skills:
 * Level 5.1 Fighting
 + Level 7.2 Axes
 * Level 6.0 Bows
 + Level 2.3 Throwing
 * Level 4.7 Armour
 + Level 3.2 Dodging
 - Level 0.1 Stealth
 + Level 3.1 Shields
 + Level 1.0 Spellcasting
 * Level 1.4 Conjurations
 * Level 1.9 Invocations


You had 5 spell levels left.
You knew the following spells:

 Your Spells              Type           Power        Failure   Level  Hunger
a - Blink                 Tloc           N/A          78%         2    ###....
b - Mephitic Cloud        Conj/Pois/Air  #.......     90%         3    ####...

Your spell library contained the following spells:

 Spells                   Type           Power        Failure   Level  Hunger
 Sting                    Conj/Pois      #...         56%         1    ##.....
 Poisonous Vapours        Pois/Air       #.....       78%         2    ###....
 Shroud of Golubria       Chrm/Tloc      #.....       78%         2    ###....
 Gell's Gravitas          Tloc           #.........   94%         3    ####...
 Lesser Beckoning         Tloc           #.........   94%         3    ####...
 Teleport Other           Tloc           #.......     94%         3    ####...
 Olgreb's Toxic Radiance  Pois           #.......     100%        4    #####..
 Passage of Golubria      Tloc           N/A          100%        4    #####..
 Venom Bolt               Conj/Pois      #.........   100%        5    ######.


Dungeon Overview and Level Annotations

Branches:
Dungeon (10/15)              Lair (1/6) D:10
 Temple: D:4-7          Orc: D:9-12

Altars:
Elyvilon
Fedhas
Hepliaklqana
Okawaru
Qazlal
Sif Muna
Vehumet
Xom
Zin
The Shining One

Annotations:
D:4 1 runed translucent door, JJBomb's ghost, amateur MiGl
D:10 Gastronok


Innate Abilities, Weirdness & Mutations

You have hooves in place of feet.
Armour fits poorly on your strangely shaped body.
You cover ground very quickly.
You have extremely tough skin. (AC +3)


Message History

Your base Bows skill increases to level 6!
You slash the yak! x2; You block the yak's attack.
The yak gores you.
You hit the yak. Your kick misses the yak.
The yak is lightly wounded.
You barely miss the yak. x2; The yak gores you but does no damage.
You block the yak's attack. x2
You closely miss the yak. You kick the yak!
The yak is moderately wounded.
You hit the yak. x2
You feel like a meek peon again. The yak gores you! The yak gores you.
You hit the yak. You kick the yak.
The yak is severely wounded.
You hit the yak. You hit the yak but do no damage. You block the yak's attack.
The yak gores you! x2
* * * LOW HITPOINT WARNING * * *
The yak gores you!
* * * LOW HITPOINT WARNING * * *
The yak gores you!
You die...

######
#############.##.#####
#.....Y.Y.............
#....@.YYY..........Y.
#..#######P#.........Y
#..#########....##+.##
#..##.....##..........
#..++.....#....#......
#..##.....##...#......
#.........##...#......
##...#.....#...........
#.†.###.#####...#.


You could see 5 yaks.

Vanquished Creatures
  Joseph (D:7)
  A spiny frog (Lair:1)
  4 blink frogs (Lair:1)
  A yak (Lair:1)
  A water moccasin (Lair:1)
  An ice beast (D:4)
  3 ogres
  2 centaurs
  A gnoll sergeant (D:6)
  A scorpion (D:4)
  2 crimson imps (D:10)
  A hound (D:6)
  A jelly (D:7)
  4 orc priests
  A bullfrog skeleton (D:5)
  3 orc wizards
  3 iguanas
  Natasha (twice) (D:2)
  6 worker ants
  A hound zombie (D:6)
  A hound skeleton (D:6)
  A howler monkey skeleton (D:6)
  9 adders
  4 gnolls
  An adder skeleton (D:7)
  3 worms
  3 dart slugs (D:1)
  7 leopard geckos
  25 orcs
  A ball python (D:5)
  5 giant cockroaches
  7 goblins
  11 hobgoblins
  9 kobolds
  6 quokkas
  5 bats
  6 frilled lizards
  6 rats
150 creatures vanquished.

Notes
Turn   | Place    | Note
-------+----------+-------------------------------------------
     0 | D:1      | Bronimir the Centaur Gladiator began the quest for the Orb.
     0 | D:1      | Reached XP level 1. HP: 17/17 MP: 1/1
   216 | D:1      | Reached skill level 3 in Axes
   261 | D:1      | Reached XP level 2. HP: 19/24 MP: 2/2
   555 | D:1      | Reached XP level 3. HP: 19/29 MP: 3/3
  1050 | D:2      | You fall into a shaft and drop 1 floor!
  1080 | D:2      | Found a shimmering altar of Xom.
  1191 | D:2      | Noticed Natasha
  1196 | D:2      | Killed Natasha
  1196 | D:2      | Reached XP level 4. HP: 33/36 MP: 4/4
  1609 | D:2      | Noticed Natasha
  1623 | D:2      | Killed Natasha
  1623 | D:2      | Reached skill level 4 in Axes
  1623 | D:2      | Reached skill level 1 in Armour
  2056 | D:2      | Reached skill level 1 in Shields
  2212 | D:3      | Reached XP level 5. HP: 41/41 MP: 5/5
  2427 | D:3      | Found a radiant altar of Vehumet.
  2700 | D:3      | Found a white marble altar of Elyvilon.
  2836 | D:3      | Found a glowing golden altar of the Shining One.
  3091 | D:4      | Noticed a phantom
  3107 | D:4      | Noticed a phantom
  3821 | D:4      | Reached XP level 6. HP: 31/50 MP: 6/6
  4046 | D:4      | Found a runed translucent door.
  4046 | D:4      | Noticed JJBomb's ghost (amateur MiGl)
  4497 | D:5      | Entered Level 5 of the Dungeon
  4529 | D:5      | Found a hazy altar of Hepliaklqana.
  4572 | D:5      | Reached skill level 5 in Axes
  4589 | D:5      | Found a hazy altar of Hepliaklqana.
  4663 | D:5      | Noticed an ice beast
  4769 | D:5      | Got a translucent long sword
  4869 | D:5      | Reached XP level 7. HP: 44/56 MP: 7/7
  5650 | D:5      | Reached skill level 6 in Axes
  5802 | D:5      | Found a shimmering blue altar of Sif Muna.
  5802 | D:5      | Found a glowing silver altar of Zin.
  5804 | D:5      | Found a stormy altar of Qazlal.
  5806 | D:5      | Found a blossoming altar of Fedhas.
  5807 | D:5      | Found an iron altar of Okawaru.
  5869 | D:5      | Became a worshipper of Warmaster Okawaru
  6237 | D:6      | Reached * piety under Okawaru
  6237 | D:6      | Reached XP level 8. HP: 49/64 MP: 8/8
  6916 | D:7      | Reached skill level 1 in Bows
  6930 | D:7      | Noticed Joseph
  7070 | D:7      | Killed Joseph
  7214 | D:7      | You fall into a shaft and drop 3 floors!
  7214 | D:10     | Entered Level 10 of the Dungeon
  7229 | D:10     | Reached ** piety under Okawaru
  7229 | D:10     | Reached skill level 5 in Bows
  7231 | D:10     | Noticed a death yak
  7232 | D:10     | Noticed a death yak
  7232 | D:10     | Noticed a death yak
  7417 | D:10     | Noticed a frost giant
  7417 | D:10     | Noticed a tengu warrior
  7447 | D:10     | Noticed Gastronok
  7450 | D:10     | Noticed a troll
  7451 | D:10     | Noticed a gargoyle
  7462 | D:10     | Found a staircase to the Lair.
  7472 | Lair:1   | Entered Level 1 of the Lair of Beasts
  7541 | Lair:1   | Noticed a spiny frog
  7652 | Lair:1   | Noticed a spiny frog
  7669 | Lair:1   | Killed a spiny frog
  7669 | Lair:1   | Reached skill level 7 in Axes
  7669 | Lair:1   | Reached XP level 9. HP: 7/72 MP: 9/9
  7684 | Lair:1   | Learned a level 2 spell: Blink
  7688 | Lair:1   | Learned a level 3 spell: Mephitic Cloud
  7836 | Lair:1   | Reached skill level 1 in Invocations
  7840 | Lair:1   | Reached *** piety under Okawaru
  7840 | Lair:1   | Reached skill level 1 in Conjurations
  7852 | Lair:1   | Reached skill level 5 in Fighting
  7852 | Lair:1   | Reached skill level 1 in Spellcasting
  8094 | Lair:1   | Slain by a yak

Levels and vault maps discovered:
D:1:      roderic_crop_circles_arrival_small, layout_loops_cross, minmay_unequal
D:2:      layout_basic, old_standard_altar, uniq_natasha
D:3:      layout_loops_ring, vehumet_crystals, elyvilon_altar_4,
          gup_sewer_entry_glass, nicolae_tso_swordbearing_angel
D:4:      layout_loops_ring, ebering_ghost_inner_flame, first_ration
D:5:      layout_layer_cave, lemuel_crystal_altar, grunt_temple_overflow_open,
          chequers_garden, kennysheep_diamond, due_unseen_surprise
D:6:      layout_loops_ring
D:7:      layout_loops_ring, minmay_temple_entry_ruins, grunt_livestock,
          uniq_harold, uniq_pikel, uniq_joseph
D:10:     layout_basic, dpeg_lair_monsters, roderic_serpentine_path,
          minmay_evil_grid, uniq_gastronok
Lair:1:   layout_regular_city, uniq_nergalle

Skill      XL: |  1  2  3  4  5  6  7  8  9 |
---------------+----------------------------+-----
Axes           | 3 4 5 6 7 |  7.2
Armour         | 1 2 3 4 |  4.7
Shields        | 1 2 3 |  3.1
Fighting       | 3 4 5 |  5.1
Bows           | 5 6 |  6.0
Dodging        | 3 |  3.2
Invocations    | 1 |  1.9
Conjurations   | 1 |  1.4
Spellcasting   | 1 |  1.0
Throwing       | |  2.3
Stealth        | |  0.1

Action                   |  1- 3 |  4- 6 |  7- 9 || total
-------------------------+-------+-------+-------++-------
Melee: War axe           |    80 |   202 |   183 ||   465
       Kick              |    18 |    41 |    57 ||   116
 Fire: Shortbow          |       |       |    53 ||    53
Throw: Throwing net      |       |     2 |     3 ||     5
Invok: Heroism           |       |       |     3 ||     3
  Use: Scroll            |       |     8 |     7 ||    15
       Potion            |       |     1 |     6 ||     7
 Stab: Held in net/web   |       |       |     1 ||     1
  Eat: Chunk             |       |     7 |     2 ||     9
       Ration            |       |     1 |     2 ||     3
Armor: Leather armour    |    11 |       |       ||    11
       Ring mail         |    15 |    63 |    79 ||   157
Dodge: Dodged            |    40 |    97 |    88 ||   225
Block: Buckler           |    11 |    34 |     9 ||    54
       Shield            |       |       |    30 ||    30
